 Dungeon Crawl Stone Soup version 0.28.0-43-g3370ac3207 (webtiles) character file.

Game seed: 6294088347330722877

194 experimilk the Ruffian (level 5, 0/40 HPs)
             Began as a Draconian Transmuter on Mar 19, 2022.
             Slain by a gnoll
             ... wielding a +0 spear
              (6 damage)
             ... on level 4 of the Dungeon.
             The game lasted 00:08:15 (3418 turns).

experimilk the Ruffian (Draconian Transmuter)       Turns: 3418, Time: 00:08:16

Health: 0/40       AC:  5    Str: 15    XL:     5   Next: 44%
Magic:  5/8        EV: 12    Int: 19    God:
Gold:   158        SH:  0    Dex: 11    Spells: 2/8 levels left

rFire   . . .      SeeInvis .     - Unarmed
rCold   . . .      Faith    .   (no shield)
rNeg    . . .      Spirit   .   (armour unavailable)
rPois   .          Reflect  .   (helmet currently unavailable)
rElec   .          Harm     .   (no cloak)
rCorr   .          Rampage  .   (no gloves)
Will    .....                   (boots currently unavailable)
Stlth   +.........              (no amulet)
HPRegen 0.13/turn               p - +6 ring of intelligence
MPRegen 0.11/turn               (no ring)

@: appendages, wereblooded
A: horns 2, talons 2, AC +5, unfitting armour, cold-blooded
a: End Transformation


You were on level 4 of the Dungeon.
You had temporarily grown beastly horns and talons.
You visited 1 branch of the dungeon, and saw 4 of its levels.

You collected 158 gold pieces.

Inventory:

Missiles
 f - a throwing net
Armour
 l - a +2 pair of boots of stealth (melded)
Jewellery
 k - a ring of ice
 p - a +6 ring of intelligence (left hand)
Scrolls
 a - 4 scrolls of teleportation {unknown}
 b - a scroll of immolation {unknown}
 e - a scroll of amnesia {unknown}
 g - a scroll of silence {unknown}
 h - a scroll of blinking {unknown}
 m - a scroll of fear {unknown}
 n - a scroll of fog {unknown}
 q - 3 scrolls of magic mapping {unknown}
 r - a scroll of identify
Potions
 c - 4 potions of curing
 d - 2 potions of heal wounds
 i - a potion of invisibility
 j - a potion of degeneration {unknown}
 o - a potion of lignification {unknown}


   Skills:
 - Level 1.1 Fighting
 - Level 1.7 Dodging
 + Level 4.8 Unarmed Combat
 - Level 2.0 Spellcasting
 + Level 4.2 Transmutations


You had 2 spell levels left.
You knew the following spells:

 Your Spells              Type           Power      Damage    Failure   Level
a - Beastly Appendage     Tmut           36%        N/A       3%          1
b - Wereblood             Tmut           18%        N/A       4%          2
c - Spider Form           Tmut/Pois      10%        N/A       22%         3

Your spell library contained the following spells:

 Spells                   Type           Power      Damage    Failure   Level
 Passwall                 Tmut/Erth      8%         N/A       11%         2
 Ensorcelled Hibernation  Hex/Ice        2%         N/A       26%         2
 Swiftness                Air            1%         N/A       45%         3
 Ice Form                 Ice/Tmut       10%        N/A       56%         4


Dungeon Overview and Level Annotations

Branches:
Dungeon (4/15)
 Temple: D:4-7

Altars:
Ashenzari
Elyvilon


Innate Abilities, Weirdness & Mutations

You have temporarily grown beastly horns and talons.
Your plain brown scales are hard. (AC +5)
You cannot fit into any form of body armour.
You are cold-blooded and may be slowed by cold attacks.


Message History

A gnoll comes into view. It is wielding a +0 halberd.
The gnoll shouts!
You hear a shout! x2
The gnoll completely misses you.
A gnoll comes into view. It is wielding a +0 spear.
Found a scroll labelled FAMAEL TINOT.
The gnoll shouts!
A scorpion comes into view.
The gnoll hits you but does no damage.
A gnoll comes into view. It is wielding a +0 flail.
You hit the gnoll. Your kick misses the gnoll.
Your tail-slap misses the gnoll.
The gnoll is lightly wounded.
Your horns disappear.
Your talons disappear.
Your +2 pair of boots of stealth unmelds from your body.
You feel stealthy.
A gnoll comes into view. It is wielding a +0 spear.
The gnoll barely misses you. The gnoll hits you with a +0 halberd.
Casting: Beastly Appendage (safe; 3% risk of failure)
Confirm with . or Enter, or press ? or * to list all spells.
Your blood is infused with primal strength.
The gnoll hits you from afar with a +0 spear.
The gnoll hits you with a +0 halberd.
Casting: Wereblood (safe; 4% risk of failure)
Confirm with . or Enter, or press ? or * to list all spells.
You grow a pair of large bovine horns.
Your feet morph into talons.
Your +2 pair of boots of stealth melds into your body.
You feel less stealthy.
The gnoll hits you from afar with a +0 spear.
The scorpion stings you. The gnoll completely misses you.
You closely miss the scorpion. You claw the scorpion.
The scorpion is lightly wounded.
The scorpion stings you.
The gnoll hits you from afar with a +0 spear.
You hit the scorpion. You claw the scorpion.
The scorpion is heavily wounded.
The gnoll hits you with a +0 halberd!
* * * LOW HITPOINT WARNING * * *
The scorpion stings you.
* * * LOW HITPOINT WARNING * * *
The gnoll hits you from afar with a +0 spear.
You die...

##).####. ###....##
###. ##.......## .#..
#..........### ?....
..............###.....
........##............
........####..........
......... ##.........
....###.. ##@g......
#.. ## #sg..###.
gg#### ..## ..# ..#
... ##.


You could see a scorpion and 4 gnolls.

Vanquished Creatures
  A centaur skeleton (D:4)
  An orc priest (D:3)
  An iguana (D:3)
  3 adders (D:2)
  An adder skeleton (D:4)
  A worm (D:3)
  A dart slug (D:2)
  4 orcs (D:3)
  3 endoplasms
  5 giant cockroaches
  6 goblins
  9 hobgoblins
  4 jackals (D:1)
  2 quokkas (D:3)
  8 ball pythons
  3 bats (D:1)
  2 frilled lizards
  6 kobolds
  12 rats
73 creatures vanquished.

Notes
Turn   | Place    | Note
-------+----------+-------------------------------------------
     0 | D:1      | experimilk the Draconian Transmuter began the quest for the
                  | Orb.
     0 | D:1      | Reached XP level 1. HP: 16/16 MP: 3/3
   382 | D:1      | Reached XP level 2. HP: 23/23 MP: 3/5
   399 | D:1      | Learned a level 2 spell: Wereblood
   939 | D:1      | Reached XP level 3. HP: 28/28 MP: 6/6
  1314 | D:2      | Learned a level 3 spell: Spider Form
  1571 | D:2      | Found a faded altar of an unknown god.
  1636 | D:2      | Reached XP level 4. HP: 35/35 MP: 5/7
  2395 | D:3      | Reached XP level 5. HP: 25/40 MP: 4/8
  2915 | D:3      | Found a broken altar of Ashenzari.
  3005 | D:3      | Found a white marble altar of Elyvilon.
  3418 | D:4      | Slain by a gnoll

Illustrated notes

Levels and vault maps discovered:
D:1:      elethiomel_arrival_infinity_welcomes_careful_drivers,
          layout_loops_cross, grunt_decor_mini_mirrors,
          hangedman_abyss_or_decor_lesser_grid
D:2:      layout_basic, hellmonk_ecumenical_altar_run_dry,
          kennysheep_generic_room_16
D:3:      layout_basic, lemuel_tele_altar, ashenzari_altar_1, minmay_box_of_dots
D:4:      layout_layer_cave, uniq_menkaure, uniq_crazy_yiuf_cottage,
          uniq_duvessa

Skill      XL: |  1  2  3  4 |
---------------+-------------+-----
Transmutations | 3 4 |  4.2
Unarmed Combat | 4 |  4.8
Fighting       | |  1.1
Dodging        | |  1.7
Spellcasting   | |  2.0

Action                   |  1- 3 |  4- 6 || total
-------------------------+-------+-------++-------
Melee: Unarmed           |    75 |   111 ||   186
       Kick              |    17 |    16 ||    33
       Headbutt          |    10 |     8 ||    18
       Tailslap          |     4 |    16 ||    20
       Punch             |       |     4 ||     4
 Cast: Beastly Appendage |    20 |    14 ||    34
       Wereblood         |       |     4 ||     4
  Use: Scroll            |     2 |     1 ||     3
       Potion            |       |     1 ||     1
 Stab: Sleeping          |       |     3 ||     3
Armor: Skin              |    18 |    47 ||    65
Dodge: Dodged            |    43 |    75 ||   118
